 Dungeon Crawl Stone Soup version 0.29-a0-334-gb41bcbb86e (webtiles) character file.

Game seed: 7189924984566930016

555 Morbidden the Digger (level 7, -3/65 HPs)
             Began as a Troll Earth Elementalist on Apr 14, 2022.
             Slain by an orc
             ... wielding a +0 flail
              (6 damage)
             ... on level 5 of the Dungeon.
             The game lasted 00:05:50 (3445 turns).

Morbidden the Digger (Troll Earth Elementalist)     Turns: 3445, Time: 00:05:51

Health: -3/65      AC:  4    Str: 17    XL:     7   Next: 8%
Magic:  7/9        EV: 10    Int: 13    God:
Gold:   179        SH:  0    Dex: 16    Spells: 6/10 levels left

rFire   . . .      SeeInvis .     - Unarmed
rCold   . . .      Faith    .   (no shield)
rNeg    . . .      Spirit   .   b - +0 robe
rPois   .          Reflect  .   (helmet restricted)
rElec   .          Harm     .   (no cloak)
rCorr   .          Rampage  .   (gloves unavailable)
Will    .....                   (boots unavailable)
Stlth   ++........              (no amulet)
HPRegen 1.00/turn               k - +6 ring of dexterity
MPRegen 0.11/turn               (no ring)

@: brilliant, attractive
A: large, unfitting armour, claws 3, regeneration 1, shaggy fur 1, tough skin 1
a: no special abilities


You were on level 5 of the Dungeon.
You visited 1 branch of the dungeon, and saw 5 of its levels.

You collected 179 gold pieces.

Inventory:

Missiles
 a - 126 stones
 d - 2 boomerangs (quivered)
 o - 3 silver javelins
Armour
 b - a +0 robe (worn)
Jewellery
 k - a +6 ring of dexterity (left claw)
 x - a ring of ice
Wands
 u - a wand of flame (26)
 y - a wand of iceblast (8)
Scrolls
 f - a scroll of vulnerability {unknown}
 h - a scroll of fog {unknown}
 i - a scroll of acquirement {unknown}
 j - a scroll of noise {unknown}
 m - a scroll of enchant armour {unknown}
 n - 2 scrolls of identify
 r - a scroll of teleportation {unknown}
 s - a scroll of immolation {unknown}
 v - a scroll of amnesia {unknown}
 w - a scroll of blinking {unknown}
 z - a scroll of summoning {unknown}
Potions
 c - 2 potions of magic
 e - 2 potions of might
 p - a potion of invisibility {unknown}
 q - a potion of flight {unknown}
 t - a potion of heal wounds {unknown}


   Skills:
 * Level 2.2 Fighting
 + Level 1.1 Throwing
 * Level 2.3 Dodging
 + Level 1.1 Stealth
 * Level 3.5 Unarmed Combat
 * Level 2.4 Spellcasting
 * Level 1.0 Conjurations
 + Level 1.2 Transmutations
 * Level 3.5 Earth Magic


You had 6 spell levels left.
You knew the following spells:

 Your Spells              Type           Power      Damage    Failure   Level
a - Sandblast             Erth           32%        2d9       6%          1
b - Stone Arrow           Conj/Erth      22%        3d8       28%         3

Your spell library contained the following spells:

 Spells                   Type           Power      Damage    Failure   Level
 Passwall                 Tmut/Erth      9%         N/A       14%         2
 Animate Skeleton         Necr           4%         N/A       24%         1
 Apportation              Tloc           4%         N/A       24%         1
 Summon Small Mammal      Summ           8%         N/A       24%         1
 Petrify                  Tmut/Erth      11%        N/A       67%         4
 Animate Armour           Summ/Erth      18%        N/A       75%         4
 Blade Hands              Tmut           3%         N/A       99%         5
 Iron Shot                Conj/Erth      5%         9d2       100%        6


Dungeon Overview and Level Annotations

Branches:
Dungeon (5/15)
 Temple: D:4-7

Altars:

Shops:
D:3 (

Annotations:
D:4 3 runed translucent doors, Morbidden's ghost, novice DsFi


Innate Abilities, Weirdness & Mutations

You are too large for most types of armour.
You have claws for hands.
Your natural rate of healing is unusually fast.
You are covered in fur. (AC +1)
You have tough skin. (AC +1)


Message History

The orc hits you with a +0 flail! The gnoll hits you with a +0 club.
The gnoll hits you from afar with a +0 spear.
* * * LOW HITPOINT WARNING * * *
Unknown command.
Unknown command.
The gnoll attacks as you move away! The gnoll hits you with a +0 club.
* * * LOW HITPOINT WARNING * * *
The orc attacks as you move away! The orc closely misses you.
As you read the scroll labelled ANEUDAD OQOKLO, it crumbles to dust.
It is a scroll of identify.
Really abort (and waste the scroll)? [Y]es or [N]o only, please.
Really abort (and waste the scroll)?
e - 2 potions of might The gnoll hits you with a +0 club.
* * * LOW HITPOINT WARNING * * *
The orc closely misses you.
The gnoll hits you from afar with a +0 spear.
* * * LOW HITPOINT WARNING * * *
Unknown command.
Unknown command.
Unknown command.
The quokka twitches its whiskers.
Unknown command.
Unknown command.
Unknown command.
It was a potion of attraction.
You feel attractive to monsters. The gnoll hits you with a +0 club.
* * * LOW HITPOINT WARNING * * *
The orc barely misses you.
The gnoll hits you from afar with a +0 spear.
* * * LOW HITPOINT WARNING * * *
The quokka is attracted toward you.
Unknown command.
Unknown command.
It was a potion of brilliance.
You feel clever all of a sudden. The gnoll closely misses you.
The orc hits you with a +0 flail.
You die...

#. #. #. # #.# #.#..
#....## #...#######
#.<.##..> # #...@#.# .#
####..go.# ##.#......##
........rg##...........#
#########ยง...#
......... ##...#
......... #..)#
..$.$....
##.........o.gg
####......g.r.
........<#


You could see 2 gnolls, an orc and a quokka.

Vanquished Creatures
  An ogre (D:4)
  A phantom (D:4)
  A necrophage (D:4)
  2 scorpions (D:4)
  A hound (D:4)
  7 adders
  3 gnolls
  4 worms
  A dart slug (D:1)
  11 orcs
  10 ball pythons
  3 endoplasms
  3 giant cockroaches
  7 hobgoblins
  2 jackals (D:1)
  2 quokkas
  7 bats
  2 frilled lizards (D:2)
  5 goblins
  13 kobolds
  7 rats
93 creatures vanquished.

Vanquished Creatures (others)
  A hobgoblin (D:4)
1 creature vanquished.

Grand Total: 94 creatures vanquished

Notes
Turn   | Place    | Note
-------+----------+-------------------------------------------
     0 | D:1      | Morbidden the Troll Earth Elementalist began the quest for
                  | the Orb.
     0 | D:1      | Reached XP level 1. HP: 16/16 MP: 1/1
    94 | D:1      | Reached skill level 1 in Transmutations
    94 | D:1      | Reached XP level 2. HP: 24/24 MP: 3/3
   116 | D:1      | Reached skill level 1 in Unarmed Combat
   116 | D:1      | Found a faded altar of an unknown god.
   544 | D:1      | Reached XP level 3. HP: 32/32 MP: 4/4
   934 | D:2      | Reached skill level 1 in Fighting
  1003 | D:2      | Reached XP level 4. HP: 39/41 MP: 5/5
  2280 | D:3      | Found Cuehiluwn's Antique Weapon Boutique.
  2313 | D:3      | Reached XP level 5. HP: 48/48 MP: 1/6
  2573 | D:4      | Noticed a phantom
  2585 | D:4      | Killed a phantom
  2602 | D:4      | Noticed an ogre
  2636 | D:4      | Killed an ogre
  2637 | D:4      | Reached XP level 6. HP: 57/57 MP: 6/8
  2741 | D:4      | Found a runed translucent gate.
  2741 | D:4      | Found a runed translucent gate.
  2742 | D:4      | Found a runed translucent gate.
  2753 | D:4      | Reached skill level 1 in Throwing
  2967 | D:4      | Learned a level 3 spell: Stone Arrow
  2998 | D:4      | Noticed Morbidden's ghost (novice DsFi)
  3120 | D:4      | Reached skill level 1 in Conjurations
  3120 | D:4      | Reached XP level 7. HP: 40/65 MP: 6/9
  3377 | D:5      | Entered Level 5 of the Dungeon
  3444 | D:5      | HP: 2/65 [gnoll/+0 spear (6)]
  3445 | D:5      | Slain by an orc

Illustrated notes

Levels and vault maps discovered:
D:1:      wander_arrival_estate, layout_rooms, basic_ecumenical_altar
D:2:      layout_basic, minmay_hexomino_u4
D:3:      layout_basic, serial_shops, shop_fountains, corexii_shack,
          chequers_serial_rivers_micro_d, grunt_ministairs_15, minmay_ruptured
D:4:      layout_rooms, gammafunk_ghost_split
D:5:      layout_rooms, dreamdust_princess_corridor

Skill      XL: |  1  2  3  4  5  6 |
---------------+-------------------+-----
Transmutations | 1 |  1.2
Unarmed Combat | 1 2 3 |  3.5
Fighting       | 1 2 |  2.2
Dodging        | 2 |  2.3
Earth Magic    | 3 |  3.5
Spellcasting   | 2 |  2.4
Throwing       | 1 |  1.1
Conjurations   | 1 |  1.0
Stealth        | |  1.1

Action                   |  1- 3 |  4- 6 |  7- 9 || total
-------------------------+-------+-------+-------++-------
Melee: Unarmed           |   118 |   112 |     7 ||   237
       Punch             |     2 |     3 |       ||     5
Throw: Boomerang         |    22 |    12 |     5 ||    39
 Cast: Sandblast         |       |    41 |     6 ||    47
  Use: Potion            |       |       |     2 ||     2
       Scroll            |       |       |     1 ||     1
Armor: Robe              |    38 |    21 |     3 ||    62
Dodge: Dodged            |    61 |    47 |    16 ||   124

Table legend: (Time is in decaauts)
 A = Elapsed time spent in this place.
 B = Non-inter-level travel time spent in this place.
 C = Inter-level travel time spent in this place.
 D = Time resting spent in this place.
 E = Time spent auto-exploring this place.
 F = Levels seen in this place.
 G = Mean time per level.
                   A        B        C        D        E       F      G
               +--------+--------+--------+--------+--------+-----+--------+
         Total |   3448 |   3360 |     88 |    222 |   2367 |   5 |  689.6 |
       Dungeon |   3448 |   3360 |     88 |    222 |   2367 |   5 |  689.6 |
               +--------+--------+--------+--------+--------+-----+--------+

Top non-repeatable levels by time:
     D:3: 1054 daAuts
     D:4: 823 daAuts
     D:2: 814 daAuts
     D:1: 717 daAuts
     D:5: 39 daAuts
